 Seeded DCSS version 0.30-a0-528-g8c47a4955b (webtiles) character file.

Game seed: 4030536004999934454 (custom seed)

51 lotusamurai3 the Conjurer (level 3, 21/21 HPs)
             Began as a Tengu Reaver on Dec 23, 2022.
             Quit the game on level 2 of the Dungeon on Dec 24, 2022.
             The game lasted 00:01:49 (1793 turns).

lotusamurai3 the Conjurer (Tengu Reaver)            Turns: 1793, Time: 00:01:50

Health: 21/21      AC:  3    Str: 12    XL:     3   Next: 81%
Magic:  7/7        EV: 12    Int: 13    God:
Gold:   71         SH:  0    Dex: 14    Spells: 5/6 levels left

rFire   + . .      SeeInvis .    a - +0 falchion
rCold   + . .      Faith    .    (no shield)
rNeg    . . .      Spirit   .    e - +1 robe {rC+ rF+}
rPois   .          Reflect  .    (helmet restricted)
rElec   .          Harm     .    (no cloak)
rCorr   .          Rampage  .    (no gloves)
Will    .....                    (boots unavailable)
Stlth   ++                       (no amulet)
HPRegen 0.23/turn                (no ring)
MPRegen 0.10/turn                (no ring)

@: no status effects
A: beak, talons 3
a: no special abilities


You were on level 2 of the Dungeon.
You visited 1 branch of the dungeon, and saw 2 of its levels.

You collected 71 gold pieces.

Inventory:

Hand Weapons
 a - a +0 falchion (weapon)
Armour
 b - a +0 leather armour
 e - a +1 robe of resistance (worn)
Scrolls
 c - 4 scrolls of identify {unknown}
 f - a scroll of fear {unknown}
 h - 3 scrolls of fog {unknown}
 i - a scroll of amnesia {unknown}
 j - a scroll of poison {unknown}
Potions
 d - 4 potions of attraction {unknown}
 g - 3 potions of heal wounds {unknown}
 k - a potion of brilliance {unknown}


   Skills:
 + Level 2.1 Fighting
 + Level 4.0 Long Blades
 + Level 2.6 Dodging
 + Level 0.7 Stealth
 + Level 2.0 Spellcasting
 + Level 4.7 Conjurations


You had 5 spell levels left.
You knew the following spells:

 Your Spells              Type           Power      Damage    Failure   Level
a - Kiss of Death         Conj/Necr      28%        2d7       10%         1

Your spell library contained the following spells:

 Spells                   Type           Power      Damage    Failure   Level
 Momentum Strike          Conj/Tloc      14%        3d8       14%         2
 Hailstorm                Conj/Ice       7%         3d4       28%         3
 Sublimation of Blood     Necr           1%         N/A       36%         2
 Wereblood                Tmut           1%         N/A       36%         2
 Tukima's Dance           Hex            1%         N/A       58%         3
 Passage of Golubria      Tloc           1%         N/A       94%         4
 Yara's Violent Unravell  Hex/Tmut       0%         3d3       100%        5
 Summon Hydra             Summ           0%         N/A       100%        7


Dungeon Overview and Level Annotations

Branches:
Dungeon (2/15)

Altars:
Elyvilon


Innate Abilities, Weirdness & Mutations

You have a beak for a mouth.
You have claws for feet.


Message History

A giant cockroach is nearby!
A giant cockroach is nearby!
A giant cockroach is nearby!
A giant cockroach is nearby!
The giant cockroach bites you. x2
You closely miss the giant cockroach. You claw the giant cockroach.
You peck the giant cockroach.
You kill the giant cockroach!
No target in view!
No target in view!
Found a stone staircase leading down.
There is a stone staircase leading down here.
You open the door.
There is an open door here.
Key pressed, stopping explore.
Done exploring.
Done exploring.
Done exploring.
Done exploring.
Done exploring.
No target in view!
Level map cleared.
You see here a +0 leather armour.
You see here a +0 dagger.
Key pressed, stopping explore.
There is a stone staircase leading down here.
Things that are here:
a +0 whip; a stone Key pressed, stopping explore.
There is a stone staircase leading up here.
Key pressed, stopping explore.
Done exploring.
Done exploring.
Done exploring.
Done exploring.
Done exploring.
Welcome back, lotusamurai3 the Tengu Reaver.
Game seed: 4030536004999934454 (custom seed) Press ? for a list of commands and other information.
Are you sure you want to abandon this character and quit the game? (Confirm with "yes".)

#...# ###.#.# #### ....#.######
###### #... .###.......#####....#
#... ...+.......#........#
######... ..##.......#........##
#........
..####...###.........####........
#.####...###.....................
#.##.......#....@...........##...
#..........#.....................
.###...........................##
.....#+##........................
.....#.......##...#...........#..
.....####....##...#...........#..
.....#######.##...###.........###
....................'...........)
##...........########....#......#


There were no monsters in sight!

Vanquished Creatures
  A worm (D:2)
  5 ball pythons
  6 endoplasms
  A giant cockroach (D:2)
  A goblin (D:1)
  A hobgoblin (D:2)
  11 jackals
  4 kobolds
  5 bats
  A frilled lizard (D:2)
  4 rats
40 creatures vanquished.

Notes
Turn   | Place    | Note
-------+----------+-------------------------------------------
     0 | D:1      | lotusamurai3 the Tengu Reaver began the quest for the Orb.
     0 | D:1      | Reached XP level 1. HP: 12/12 MP: 4/4
    95 | D:1      | Reached XP level 2. HP: 17/17 MP: 6/6
   217 | D:1      | Found a faded altar of an unknown god.
   874 | D:2      | Reached XP level 3. HP: 20/21 MP: 7/7
   876 | D:2      | Found a white marble altar of Elyvilon.
  1653 | D:2      | Found a white marble altar of Elyvilon.
  1793 | D:2      | Quit the game

Illustrated notes

Levels and vault maps discovered:
D:1:      dpeg_arrival_chambers_temple_mockup, layout_loops_ring,
          basic_ecumenical_altar
D:2:      layout_basic, basic_altar, serial_bayou_pond_d

Skill      XL: |  1  2  3 |
---------------+----------+-----
Long Blades    | 4 |  4.0
Fighting       | |  2.1
Dodging        | |  2.6
Stealth        | |  0.7
Spellcasting   | |  2.0
Conjurations   | |  4.7

Action                   || total
-------------------------++-------
Melee: Falchion          ||   107
       Kick              ||    26
       Peck              ||    16
 Stab: Sleeping          ||     3
Armor: Robe              ||    20
Dodge: Dodged            ||    76

Table legend: (Time is in decaauts)
 A = Elapsed time spent in this place.
 B = Non-inter-level travel time spent in this place.
 C = Inter-level travel time spent in this place.
 D = Time resting spent in this place.
 E = Time spent auto-exploring this place.
 F = Levels seen in this place.
 G = Mean time per level.
                   A        B        C        D        E       F      G
               +--------+--------+--------+--------+--------+-----+--------+
         Total |   1804 |   1727 |     77 |      0 |   1448 |   2 |  902.0 |
       Dungeon |   1804 |   1727 |     77 |      0 |   1448 |   2 |  902.0 |
               +--------+--------+--------+--------+--------+-----+--------+

Top non-repeatable levels by time:
     D:2: 965 daAuts
     D:1: 839 daAuts
